[Event "FIDE WYCC Girls U16 2023"]
[Site "Montesilvano"]
[Date "2023.11.24"]
[Round "11.29"]
[White "Bruessow, Nina"]
[Black "Momyn, Madina"]
[Result "1-0"]
[ECO "C13"]
[WhiteElo "1863"]
[BlackElo "1315"]
[Annotator "NA RC"]
[PlyCount "97"]
[EventDate "2023.11.13"]
[EventType "swiss"]
[EventCountry "ITA"]
[SourceTitle "playchess.com"]
[Source "ChessBase"]
[SourceQuality "1"]
[TimeControl "40/5400+30:1800+30"]

1. e4 e6 2. d4 d5 3. Nc3 Nf6 4. Bg5 dxe4 5. Nxe4 Be7 6. Nxf6+ Bxf6 7. Bxf6 Qxf6 8. Nf3 c5 9. Qd3 O-O 10. O-O-O cxd4 11. Qxd4 Nd7 12. Bb5 Qxd4 13. Rxd4 Nf6 14. Ne5 a6 15. Be2 b5 16. Bf3 Ra7 17. Rhd1 Bb7 18. Nd7 Bxf3 19. Nxf8 Bd5 20. Nxe6 fxe6 21. Re1 Rc7 22. b3 Kf7 23. g4 h6 24. h4 Kg6 25. h5+ Kf7 26. Re5 Nd7 27. Re3 Nf6 28. Kb2 a5 29. c3 Ke7 30. f3 Kd6 31. a4 e5 32. Rd2 bxa4 33. c4 axb3 34. cxd5 a4 35. Re1 Nxd5 36. Ka3 Ra7 37. Re4 Kc5 38. Rxa4 Rxa4+ 39. Kxa4 Kc4 40. Ka3 Nb4 41. Rd7 Nc2+ 42. Kb2 Ne1 43. Rc7+ Kd4 44. Rxg7 Nxf3 45. g5 e4 46. gxh6 e3 47. h7 e2 48. h8=Q e1=Q 49. Rd7+ 1-0

[Event "FIDE WYCC Girls U16 2023"]
[Site "Montesilvano"]
[Date "2023.11.24"]
[Round "11.30"]
[White "Rice, Lauren"]
[Black "Schebacher, Solene"]
[Result "1-0"]
[ECO "A13"]
[WhiteElo "1529"]
[BlackElo "1859"]
[Annotator "NA RC"]
[PlyCount "85"]
[EventDate "2023.11.13"]
[EventType "swiss"]
[EventCountry "ITA"]
[SourceTitle "playchess.com"]
[Source "ChessBase"]
[SourceQuality "1"]
[TimeControl "40/5400+30:1800+30"]

1. Nf3 Nf6 2. c4 e6 3. g3 a6 4. Bg2 b5 5. b3 Bb7 6. Nc3 b4 7. Na4 d5 8. O-O c5 9. cxd5 Bxd5 10. Bb2 Nbd7 11. d3 Be7 12. e4 Bc6 13. Nd2 Rc8 14. Nc4 Bxa4 15. bxa4 Nb6 16. Nxb6 Qxb6 17. e5 Nd7 18. Rc1 O-O 19. Qg4 Rcd8 20. Ba1 Nb8 21. Be4 Nc6 22. Kh1 Nd4 23. f4 Qa5 24. f5 exf5 25. Rxf5 Nxf5 26. Bxf5 Qc7 27. e6 f6 28. Qh5 g6 29. Bxg6 Bd6 30. Bf5 Be5 31. Bxe5 fxe5 32. Qg5+ Kh8 33. e7 Rde8 34. exf8=Q+ Rxf8 35. Be4 Qd6 36. Qh5 Qe7 37. Rxc5 Rf1+ 38. Kg2 Rf2+ 39. Kxf2 Qxc5+ 40. Kf3 Qc7 41. Qf5 Kg8 42. Bd5+ Kh8 43. Qf8# 1-0

[Event "FIDE WYCC Girls U16 2023"]
[Site "Montesilvano"]
[Date "2023.11.24"]
[Round "11.31"]
[White "Ismayil, Seljan"]
[Black "Kosma, Maria"]
[Result "0-1"]
[ECO "E48"]
[WhiteElo "1384"]
[BlackElo "1780"]
[Annotator "NA RC"]
[PlyCount "82"]
[EventDate "2023.11.13"]
[EventType "swiss"]
[EventCountry "ITA"]
[SourceTitle "playchess.com"]
[Source "ChessBase"]
[SourceQuality "1"]
[TimeControl "40/5400+30:1800+30"]

1. d4 Nf6 2. c4 e6 3. Nc3 Bb4 4. e3 O-O 5. Bd3 d5 6. cxd5 exd5 7. Nge2 Re8 8. O-O a6 9. a3 Bd6 10. f3 c5 11. dxc5 Bxc5 12. Nd4 Nc6 13. Kh1 Bxd4 14. exd4 Qb6 15. Ne2 g6 16. Bg5 Nh5 17. Qa4 Bf5 18. Qc2 Ng7 19. Rfd1 Rac8 20. Bxf5 Nxf5 21. Qd2 Na5 22. Nc3 Qc6 23. Rac1 Nb3 24. Ne4 Nxd2 25. Rxc6 Rxc6 26. Nxd2 Nxd4 27. Nf1 Ne6 28. Bf6 d4 29. Ng3 d3 30. Ne4 Nc5 31. Nxc5 Rxf6 32. Kg1 Rd6 33. Ne4 Rb6 34. b4 f5 35. Nc5 Rd8 36. Kf2 a5 37. bxa5 Rb5 38. Nxd3 Rxa5 39. Ke2 Rxa3 40. Nf2 Ra2+ 41. Ke1 Rxd1+ 0-1

[Event "FIDE WYCC Girls U16 2023"]
[Site "Montesilvano"]
[Date "2023.11.24"]
[Round "11.32"]
[White "Ogay, Anastassiya"]
[Black "Balazs, Sztella Anna"]
[Result "1/2-1/2"]
[ECO "B51"]
[WhiteElo "1213"]
[BlackElo "1686"]
[Annotator "NA RC"]
[PlyCount "60"]
[EventDate "2023.11.13"]
[EventType "swiss"]
[EventCountry "ITA"]
[SourceTitle "playchess.com"]
[Source "ChessBase"]
[SourceQuality "1"]
[TimeControl "40/5400+30:1800+30"]

1. e4 c5 2. Nf3 d6 3. Bb5+ Nd7 4. O-O a6 5. Bxd7+ Bxd7 6. d4 cxd4 7. Qxd4 Nf6 8. Re1 e5 9. Qd1 Qc7 10. Nbd2 Be7 11. Nf1 h6 12. Ng3 O-O 13. h3 Rfe8 14. c3 Rad8 15. Be3 Be6 16. Qc2 d5 17. exd5 Nxd5 18. a3 b5 19. Rac1 a5 20. Nf5 Bf6 21. Qe4 Ne7 22. Nxe7+ Rxe7 23. Kh1 Bd5 24. Qf5 Be6 25. Qe4 Bd5 26. Qf5 Be6 27. Qe4 Bd5 28. Qf5 Be6 29. Qe4 Bd5 30. Qf5 Be6 1/2-1/2

[Event "FIDE WYCC Girls U16 2023"]
[Site "Montesilvano"]
[Date "2023.11.24"]
[Round "11.33"]
[White "Di Fabio, Sara"]
[Black "Mickunaite, Agne"]
[Result "0-1"]
[ECO "B25"]
[WhiteElo "1517"]
[BlackElo "1673"]
[Annotator "NA RC"]
[PlyCount "94"]
[EventDate "2023.11.13"]
[EventType "swiss"]
[EventCountry "ITA"]
[SourceTitle "playchess.com"]
[Source "ChessBase"]
[SourceQuality "1"]
[TimeControl "40/5400+30:1800+30"]

1. e4 c5 2. Nc3 Nc6 3. g3 g6 4. Bg2 Bg7 5. Nge2 Nf6 6. d3 d6 7. h3 Bd7 8. O-O Qc8 9. Kh2 O-O 10. Be3 Rb8 11. Qd2 b5 12. Bh6 e5 13. Bxg7 Kxg7 14. f4 h6 15. f5 Ne7 16. fxg6 fxg6 17. g4 g5 18. Ng3 Bxg4 19. hxg4 Qxg4 20. Nf5+ Nxf5 21. exf5 Qh4+ 22. Kg1 g4 23. Nd5 g3 24. Bf3 Nxd5 25. Bxd5 Qd4+ 26. Kg2 Qxd5+ 27. Kxg3 Rf6 28. Rf2 Kh7 29. Qe3 Rg8+ 30. Kh2 Qf7 31. Raf1 Qh5+ 32. Qh3 Qxh3+ 33. Kxh3 h5 34. Kh4 Rg4+ 35. Kh3 Kh6 36. b3 Kg5 37. Rf3 Rf4 38. Rg3+ Kxf5 39. Rfg1 Ke6 40. Rg7 Rf7 41. R7g6+ R4f6 42. Rg8 Rf2 43. R1g6+ R2f6 44. Re8+ Re7 45. Rgg8 Rxe8 46. Rxe8+ Kd5 47. Re7 b4 0-1

[Event "FIDE WYCC Girls U16 2023"]
[Site "Montesilvano"]
[Date "2023.11.24"]
[Round "11.34"]
[White "Chang, Yolanda"]
[Black "Kawa, Anna"]
[Result "0-1"]
[ECO "B22"]
[WhiteElo "1639"]
[BlackElo "1622"]
[Annotator "NA"]
[PlyCount "104"]
[EventDate "2023.11.13"]
[EventType "swiss"]
[EventCountry "ITA"]
[SourceTitle "playchess.com"]
[Source "ChessBase"]
[SourceQuality "1"]
[TimeControl "40/5400+30:1800+30"]

1. e4 c5 2. c3 Nf6 3. e5 Nd5 4. d4 cxd4 5. Nf3 Nc6 6. Bc4 Nb6 7. Bb3 d5 8. cxd4 Bg4 9. Be3 e6 10. h3 Bf5 11. O-O Be7 12. Nc3 O-O 13. Qe2 Rc8 14. Rad1 Na5 15. Nd2 Bg6 16. f4 f6 17. Nf3 f5 18. Ng5 Qd7 19. Bc2 Nac4 20. Bc1 Bb4 21. Rd3 Qe8 22. a3 Nxa3 23. bxa3 Bxc3 24. a4 Bb4 25. Rb3 a5 26. Ba3 Nxa4 27. Bxb4 axb4 28. Rxb4 Nc3 29. Qd2 h6 30. Rb3 hxg5 31. Rxc3 Rxc3 32. Qxc3 gxf4 33. Qb4 Qc6 34. Ba4 Qc4 35. Qxc4 dxc4 36. Rc1 Be8 37. Bxe8 Rxe8 38. Rxc4 Rd8 39. Kf2 b5 40. Rb4 g5 41. Kf3 Kf7 42. g3 fxg3 43. Kxg3 Rd5 44. Kf3 Kg6 45. Kg3 Kh5 46. Kf3 Kh4 47. Kg2 g4 48. Rb3 Rxd4 49. Rxb5 gxh3+ 50. Kg1 Re4 51. Kh2 Kg4 52. Ra5 f4 0-1

[Event "FIDE WYCC Girls U16 2023"]
[Site "Montesilvano"]
[Date "2023.11.24"]
[Round "11.35"]
[White "Tomcaniova, Lucia"]
[Black "Conde Mares, Vanya Briseyda"]
[Result "1-0"]
[ECO "C45"]
[WhiteElo "1715"]
[BlackElo "1566"]
[Annotator "NA"]
[PlyCount "127"]
[EventDate "2023.11.13"]
[EventType "swiss"]
[EventCountry "ITA"]
[SourceTitle "playchess.com"]
[Source "ChessBase"]
[SourceQuality "1"]
[TimeControl "40/5400+30:1800+30"]

1. e4 e5 2. Nf3 Nc6 3. d4 exd4 4. Nxd4 Qf6 5. Nf3 Bc5 6. Qe2 d6 7. Nc3 h6 8. h3 Be6 9. Be3 Bb4 10. Bd2 O-O-O 11. O-O-O Nge7 12. a3 Ba5 13. Na4 Bxd2+ 14. Rxd2 Rhe8 15. Qe3 a6 16. Qc3 Qxc3 17. Nxc3 Ng6 18. Nd4 Nxd4 19. Rxd4 f5 20. Be2 fxe4 21. Rxe4 d5 22. Rxe6 Rxe6 23. Bg4 Nf8 24. Re1 d4 25. Rxe6 Nxe6 26. Bxe6+ Kb8 27. Ne2 Re8 28. Bg4 c5 29. Kd2 Rf8 30. f4 Kc7 31. Bf3 b6 32. Kd3 Kd6 33. Bb7 a5 34. a4 Re8 35. Be4 Rf8 36. g3 Rb8 37. Ng1 b5 38. axb5 Rxb5 39. b3 Rb4 40. Nf3 a4 41. bxa4 Rxa4 42. Ke2 Ra3 43. Bd3 Kd5 44. Ne5 Rc3 45. Kf3 g5 46. Kg4 gxf4 47. Kxf4 Ke6 48. g4 Ra3 49. h4 Ra8 50. Bc4+ Ke7 51. Kf5 Rf8+ 52. Kg6 Rf6+ 53. Kh5 Rf2 54. Bd3 Ke6 55. Ng6 Kd5 56. Ne7+ Ke5 57. Kxh6 Rd2 58. g5 Rxd3 59. cxd3 c4 60. Nc6+ Kd5 61. Nxd4 cxd3 62. Nf3 Ke4 63. Nd2+ Ke3 64. Nb3 1-0